[Event "*** Titled Tuesday Blitz"]
[Site "Chess.com"]
[Date "2019.01.01"]
[Round "2"]
[White "JoakimVonAnd"]
[Black "GrigorGrigorov"]
[Result "1/2-1/2"]
[WhiteElo "2357"]
[BlackElo "2783"]
[TimeControl "180+2"]
[EndTime "13:28:11 PST"]
[Termination "Game drawn by 50-move rule"]

1. d4 Nf6 2. c4 e6 3. Nc3 Bb4 4. e3 O-O 5. Bd3 d5 6. Nf3 c5 7. cxd5 exd5 8. dxc5 Nbd7 9. O-O Nxc5 10. Ne2 Nxd3 11.
Qxd3 Re8 12. a3 Bd6 13. b4 a5 14. b5 Ne4 15. Bb2 Nc5 16. Qd4 Bf8 17. Rad1 Re4 18. Qxd5 Qxd5 19. Rxd5 Be6 20. Rd4 Bc4 21. Re1 Bxb5 22.
Nc3 Rxd4 23. Nxd4 Nd3 24. Rb1 Bc4 25. Ba1 Bxa3 26. Rxb7 Bb4 27. Na4 Bd5 28. Rd7 Rc8 29. h3 Rc1+ 30. Kh2 Rxa1 31. Rxd5 Rxa4 32. Rd8+ Bf8 33. Nc6 Re4 34. Rxd3 a4 35. Nd4 Re8 36. Rd2 a3 37. Ra2 Rb8 38. Ra1 Rb2 39. Kg3 a2 40.
Kf3 Bb4 41. Ne2 f5 42. Nc1 Rb1 43. Nxa2 Rxa1 44. Nxb4 Kf7 45. Nc2 Ra2 46. Nd4 Kf6 47.
h4 g6 48. g3 Ke5 49. Nc6+ Kd6 50. Nd4 Kd5 51. Ne2 Kc4 52. Nf4 Kc3 53. Nh3 Kd2 54. e4 fxe4+ 55. Kxe4 Ke2 56. Kf4 h6 57. Ke5 Kf3 58. Kf6 Ra6+ 59. Kg7 Kg4 60. Nf4 g5 61. hxg5 hxg5 62. Nd3 Kf5 63. Nc5 Ra2 64. f3 Ra3 65. g4+ Ke5 66. Kg6 Ra5 67. Nd3+ Kd4 68. Nf2 Ke3 69. Nh3 Kxf3 70. Nxg5+ Kxg4 71. Ne6 Rf5 72. Ng7 Re5 73. Kf6 Re1 74. Ne6 Rf1+ 75.
Ke5 Rf5+ 76. Ke4 Ra5 77. Nd4 Ra4 78. Ke5 Kg3 79. Ke4 Kf2 80. Kd3 Ra3+ 81. Ke4 Re3+ 82.
Kd5 Re8 83. Nf5 Kf3 84. Nd4+ Kf4 85. Ne6+ Ke3 86. Ke5 Kd3 87. Kd5 Ra8 88. Nc5+ Kc3 89. Ne6 Ra5+ 90. Kd6 Kc4 91. Ke7 Kd5 92. Nf4+ Ke5 93.
Nd3+ Kd4 94. Nf4 Ke4 95. Ne6 Ke5 96. Nf8 Ra7+ 97. Nd7+ Kd5 98. Ke8 Kd6 99. Nf8 Re7+ 100. Kd8 Re1 101. Nd7 Ra1 102. Nb8 Ra8 103. Kc8 Ra7 104.
Kd8 Rc7 105. Na6 Rb7 106. Kc8 Ra7 107. Nb8 Rc7+ 108. Kd8 Rc1 109. Nd7 Rh1 110. Nf8 Re1 111. Nd7 Re7 112. Nf8 Rf7 113. Ke8 Rf4 114. Nd7 Ra4 115. Nf8 Ra7 116. Ng6 Rg7 117. Nf8 Rg1 118. Kf7 Rf1+ 119. Ke8 Rf2 120. Nd7 Re2+ 121. Kd8 Rd2 122. Kc8 Rc2+ 123. Kd8 Rb2 124. Kc8 Rc2+ 125. Kd8 Ra2 126. Nb8 Ra7 127. Kc8 1/2-1/2

[Event "*** Titled Tuesday Blitz"]
[Site "Chess.com"]
[Date "2019.01.01"]
[Round "3"]
[White "vugarrasulov"]
[Black "MaestroASK"]
[Result "1-0"]
[WhiteElo "2805"]
[BlackElo "2550"]
[TimeControl "180+2"]
[EndTime "13:30:27 PST"]
[Termination "vugarrasulov won by resignation"]

1. e4 d6 2. d4 g6 3. Nc3 c6 4.
g3 e5 5. dxe5 dxe5 6. Qxd8+ Kxd8 7. f4 Nd7 8. Nf3 f6 9. Bc4 Ke8 10. fxe5 Nxe5 11. Nxe5 fxe5 12. Rf1 Bh6 13. Bxg8 Bxc1 14.
Bf7+ 1-0

[Event "*** Titled Tuesday Blitz"]
[Site "Chess.com"]
[Date "2019.01.01"]
[Round "3"]
[White "NemtsevIgor"]
[Black "novocane"]
[Result "1-0"]
[WhiteElo "2310"]
[BlackElo "2141"]
[TimeControl "180+2"]
[EndTime "13:30:41 PST"]
[Termination "NemtsevIgor won by resignation"]

1. d4 Nf6 2. Bf4 e6 3. Nf3 c5 4. e3 b6 5. Nbd2 Bb7 6. Nc4 d5 7. Nce5 Be7 8. Bb5+ Kf8 9. Ng5 a6 10. Be2 Nc6 11. Nexf7 1-0

[Event "*** Titled Tuesday Blitz"]
[Site "Chess.com"]
[Date "2019.01.01"]
[Round "3"]
[White "Justinz"]
[Black "pedroholly22"]
[Result "0-1"]
[WhiteElo "2362"]
[BlackElo "2249"]
[TimeControl "180+2"]
[EndTime "13:31:36 PST"]
[Termination "pedroholly22 won by resignation"]

1. d4 Nf6 2. c4 e6 3. Nc3 Bb4 4. Qc2 O-O 5. a3 Bxc3+ 6. Qxc3 d6 7. Nf3 b6 8. Bg5 Bb7 9. e3 Nbd7 10. Be2 Qe8 11.
Bxf6 Nxf6 12. O-O Ne4 13. Qc2 f5 14. Rfd1 g5 15. b4 g4 16. Ne1 Rf6 17. d5 Rh6 18.
dxe6 Qh5 19. h3 Qg5 20. f4 Qh4 21. Bd3 gxh3 22. Bxe4 Bxe4 23. Qf2 h2+ 0-1

[Event "*** Titled Tuesday Blitz"]
[Site "Chess.com"]
[Date "2019.01.01"]
[Round "3"]
[White "guillembaches"]
[Black "TheNomNomFactor"]
[Result "1/2-1/2"]
[WhiteElo "2338"]
[BlackElo "2414"]
[TimeControl "180+2"]
[EndTime "13:31:53 PST"]
[Termination "Game drawn by agreement"]

1. e4 e5 2. Nf3 Nc6 3. Nc3 Nf6 4. d4 exd4 5. Nxd4 Bb4 6. Nxc6 bxc6 7. Bd3 d5 8. Bd2 O-O 9. O-O Re8 10. Nxd5 cxd5 11.
Bxb4 Nxe4 12. Re1 Rb8 13. Bxe4 dxe4 14. Qxd8 Rxd8 15. Rxe4 Bf5 16. Rc4 Bxc2 17. Rxc2 Rxb4 18. Rxc7 Rxb2 19. Rxa7 h5 20. a4 Rdd2 21. Rf1 Ra2 22.
h4 g6 23. g3 Kg7 24. Kg2 Rd4 25. Ra8 Rdxa4 26. Rxa4 Rxa4 27. Rd1 1/2-1/2

[Event "*** Titled Tuesday Blitz"]
[Site "Chess.com"]
[Date "2019.01.01"]
[Round "3"]
[White "chedimir"]
[Black "Muracle"]
[Result "0-1"]
[WhiteElo "2370"]
[BlackElo "2517"]
[TimeControl "180+2"]
[EndTime "13:32:14 PST"]
[Termination "Muracle won by resignation"]

1. e4 g6 2. d4 Bg7 3. Nc3 a6 4. a4 d5 5. exd5 Nf6 6. Bc4 O-O 7. Bg5 Nbd7 8. Nf3 Nb6 9. Bxf6 exf6 10. Bb3 Re8+ 11.
Kf1 f5 12. a5 Nd7 13. h4 Nf6 14. Qd2 Ne4 15. Nxe4 fxe4 16. Ne5 Bxe5 17. dxe5 Rxe5 18.
h5 Qf6 19. hxg6 hxg6 20. Re1 Bg4 21. Qh6 Bh5 22. Kg1 Rae8 23. Re3 Rg5 24. c3 Ree5 25. Rh4 Rxg2+ 26. Kxg2 Qxh4 27. Rh3 Rg5+ 28. Kh2 Qxf2+ 0-1

[Event "*** Titled Tuesday Blitz"]
[Site "Chess.com"]
[Date "2019.01.01"]
[Round "3"]
[White "andresgv36"]
[Black "mc4chess"]
[Result "1-0"]
[WhiteElo "2353"]
[BlackElo "2407"]
[TimeControl "180+2"]
[EndTime "13:32:18 PST"]
[Termination "andresgv36 won by checkmate"]

1. d4 Nf6 2. Bf4 e6 3. e3 c5 4. Nf3 b6 5. Bd3 Bb7 6. c3 Be7 7. O-O Nh5 8. Nbd2 Nxf4 9. exf4 O-O 10. Qe2 cxd4 11. Nxd4 Nc6 12. N2f3 Bf6 13. Qe3 Ne7 14. Ne5 d6 15. Ng4 Nd5 16. Qh3 Bxd4 17. Qxh7# 1-0

[Event "*** Titled Tuesday Blitz"]
[Site "Chess.com"]
[Date "2019.01.01"]
[Round "3"]
[White "Alexey_Potapov"]
[Black "Daniela_Movileanu"]
[Result "1-0"]
[WhiteElo "2397"]
[BlackElo "2497"]
[TimeControl "180+2"]
[EndTime "13:32:27 PST"]
[Termination "Alexey_Potapov won by resignation"]

1. c4 c5 2. Nf3 Nc6 3. Nc3 e5 4.
d3 g6 5. g3 Bg7 6. Bg2 Nge7 7.
Rb1 O-O 8. O-O d6 9. a3 h6 10. b4 Be6 11. bxc5 dxc5 12. Rxb7 Rb8 13. Rxb8 Qxb8 14. Nd2 Nd4 15. e3 Ndf5 16. Nde4 Qc7 17. Qa4 Rd8 18. Nb5 Qb6 19. Qxa7 Qxa7 20. Nxa7 Rxd3 21.
Nxc5 Rd6 22. Nb5 Bxc4 23. Nxd6 Bxf1 24. Nxf5 Bxg2 25. Nxe7+ Kf8 26. Nxg6+ fxg6 27. Kxg2 1-0

[Event "*** Titled Tuesday Blitz"]
[Site "Chess.com"]
[Date "2019.01.01"]
[Round "3"]
[White "jcibarra"]
[Black "Caterpiller35"]
[Result "1-0"]
[WhiteElo "2728"]
[BlackElo "2405"]
[TimeControl "180+2"]
[EndTime "13:32:40 PST"]
[Termination "jcibarra won by resignation"]

1. e4 c5 2. Nf3 g6 3. d4 cxd4 4. Qxd4 Nf6 5. Nc3 Nc6 6. Qa4 d6 7. e5 dxe5 8. Nxe5 Bg7 9. Bb5 O-O 10. Nxc6 bxc6 11. Bxc6 Rb8 12. O-O Bf5 13. Rd1 Qc7 14.
Bf4 e5 15. Bg5 Rxb2 16. Bxf6 Bxf6 17. Nd5 Qd8 18. Qa3 Rxc2 19. Ba4 Rc4 20. Bb3 Rd4 21. Qxa7 Bd3 22. Qc5 e4 23. Rac1 Be5 24. Ne7+ 1-0

[Event "*** Titled Tuesday Blitz"]
[Site "Chess.com"]
[Date "2019.01.01"]
[Round "3"]
[White "nochewycandy"]
[Black "Karina_Oparina"]
[Result "1/2-1/2"]
[WhiteElo "2258"]
[BlackElo "2061"]
[TimeControl "180+2"]
[EndTime "13:32:44 PST"]
[Termination "Game drawn by repetition"]

1. e4 c6 2. Nc3 d5 3. Nf3 Bg4 4. h3 Bxf3 5. Qxf3 e6 6. d4 dxe4 7. Nxe4 Nd7 8. Bd3 Ngf6 9. Bg5 Be7 10. Bxf6 Nxf6 11. O-O-O Nxe4 12. Qxe4 Qa5 13. Kb1 O-O-O 14. Rhe1 Bf6 15. c3 h5 16. f4 g6 17. g4 hxg4 18.
hxg4 Rh2 19. g5 Qb6 20. Re2 Rxe2 21. Qxe2 Bg7 22. Rh1 Qc7 23. Qe4 Bf8 24. Rh7 Bd6 25. Bc4 Re8 26. Rh4 Qd8 27. Rh7 Qc7 28. Rh4 Qd8 29.
Rh7 Qc7 30. Rh4 1/2-1/2

[Event "*** Titled Tuesday Blitz"]
[Site "Chess.com"]
[Date "2019.01.01"]
[Round "3"]
[White "MatthewG-p4p"]
[Black "attack2mateU"]
[Result "0-1"]
[WhiteElo "2645"]
[BlackElo "2619"]
[TimeControl "180+2"]
[EndTime "13:32:46 PST"]
[Termination "attack2mateU won by resignation"]

1. c4 e5 2. Nc3 Nf6 3. g3 d5 4. cxd5 Nxd5 5. Bg2 Nb6 6. d3 Be7 7. Nf3 Nc6 8. O-O O-O 9. a3 Be6 10. b4 a5 11. b5 Nd4 12. Bb2 Bb3 13. Qd2 Nc4 14. Qc1 Nxb2 15. Qxb2 a4 16. Nd2 Ra7 17. Nxb3 Nxb3 18. Rad1 Qd4 19. e3 Bxa3 20. Qxa3 Qxc3 21. Rc1 Nxc1 0-1

[Event "*** Titled Tuesday Blitz"]
[Site "Chess.com"]
[Date "2019.01.01"]
[Round "3"]
[White "nOcHeaTiNgKiD"]
[Black "Grandelicious"]
[Result "0-1"]
[WhiteElo "2422"]
[BlackElo "2630"]
[TimeControl "180+2"]
[EndTime "13:33:17 PST"]
[Termination "Grandelicious won by resignation"]

1. Nf3 d5 2. d4 e6 3. c4 Nd7 4. Nbd2 Ngf6 5. g3 dxc4 6. Nxc4 b5 7. Ncd2 Bb7 8. Bg2 c5 9. dxc5 Bxc5 10. O-O O-O 11. a4 b4 12. Nb3 a5 13. Nxc5 Nxc5 14. Be3 Rc8 15. Bd4 Qe7 16. e3 Ba6 17. Re1 Nd3 18.
Re2 e5 19. Bb6 Qd6 20. Bxa5 Qc5 21. Rd2 Qxa5 0-1

[Event "*** Titled Tuesday Blitz"]
[Site "Chess.com"]
[Date "2019.01.01"]
[Round "3"]
[White "harperchesstt"]
[Black "ori99"]
[Result "1-0"]
[WhiteElo "2123"]
[BlackElo "2006"]
[TimeControl "180+2"]
[EndTime "13:33:20 PST"]
[Termination "harperchesstt won by resignation"]

1. e4 e5 2. Nf3 Nc6 3. Bc4 Nf6 4. d3 Be7 5. O-O O-O 6. a4 d5 7. exd5 Nxd5 8. Re1 Bf6 9. a5 Re8 10. a6 bxa6 11. Nbd2 Bg4 12. h3 Bh5 13. g4 Bg6 14. Ne4 Nb6 15. Bxa6 Rb8 16. Bb5 Re6 17. Nxf6+ Qxf6 18. Bg5 1-0

[Event "*** Titled Tuesday Blitz"]
[Site "Chess.com"]
[Date "2019.01.01"]
[Round "3"]
[White "VeraNebolsina"]
[Black "MikePerelshteyn"]
[Result "1/2-1/2"]
[WhiteElo "2352"]
[BlackElo "2434"]
[TimeControl "180+2"]
[EndTime "13:33:28 PST"]
[Termination "Game drawn by agreement"]

1. e4 e6 2. d4 d5 3. exd5 exd5 4. Nf3 Bd6 5. Bd3 Ne7 6. O-O O-O 7. Nh4 Ng6 8. Nf5 Bxf5 9. Bxf5 Nd7 10. Nc3 c6 11.
Ne2 Qc7 12. g3 Rfe8 13. h4 Nf6 14. Qd3 Ne4 15. h5 Nf8 16. Bf4 g6 17. hxg6 hxg6 18. Bh3 Ne6 19. Bxe6 Rxe6 20. Bxd6 Qxd6 21. Nf4 Re7 22.
Rae1 Kg7 23. Kg2 Rh8 24. Rh1 Ree8 25. c3 Rxh1 26. Rxh1 Rh8 27. Rxh8 Kxh8 28. f3 Nf6 1/2-1/2

[Event "*** Titled Tuesday Blitz"]
[Site "Chess.com"]
[Date "2019.01.01"]
[Round "3"]
[White "ChristopherYoo"]
[Black "pastouche06"]
[Result "1-0"]
[WhiteElo "2645"]
[BlackElo "2430"]
[TimeControl "180+2"]
[EndTime "13:33:34 PST"]
[Termination "ChristopherYoo won by resignation"]

1. e4 c6 2. d4 d5 3. exd5 cxd5 4. Nf3 Nc6 5. Bb5 Bg4 6. c4 Nf6 7. Nc3 e6 8. h3 Bxf3 9. Qxf3 Be7 10. c5 O-O 11. Bxc6 bxc6 12. O-O Nd7 13. b4 e5 14. Be3 f5 15. b5 f4 16. bxc6 e4 17. Qg4 fxe3 18.
Qxd7 exf2+ 19. Rxf2 Rxf2 20. Qxd8+ Rxd8 21. Kxf2 Bf6 22. Ke3 Bg5+ 23. Ke2 Bf6 24. c7 Rc8 25. Nxd5 1-0

[Event "*** Titled Tuesday Blitz"]
[Site "Chess.com"]
[Date "2019.01.01"]
[Round "3"]
[White "OparinGrigoriy"]
[Black "Boundless_Strike"]
[Result "1-0"]
[WhiteElo "2920"]
[BlackElo "2469"]
[TimeControl "180+2"]
[EndTime "13:33:43 PST"]
[Termination "OparinGrigoriy won by resignation"]

1. Nf3 c5 2. g3 b6 3. Bg2 Bb7 4. c4 Nf6 5. O-O e6 6. Nc3 Be7 7. Re1 d5 8. cxd5 Nxd5 9. d4 cxd4 10. Nxd5 Qxd5 11. Qxd4 Qxd4 12. Nxd4 Bxg2 13. Kxg2 Bf6 14. Be3 Bxd4 15. Bxd4 f6 16. Rac1 Nd7 17. Red1 e5 18.
Be3 Ke7 19. Rc7 Rhd8 20. f4 Ke6 21. f5+ Ke7 22. b3 Ke8 23. g4 a5 24. Rd6 b5 25.
h4 b4 26. g5 a4 27. h5 axb3 28. axb3 h6 29. gxh6 gxh6 30. Bxh6 Ra3 31. Bg7 Rxb3 32. h6 Rc3 33. h7 Ke7 34. Rdxd7+ Rxd7 35. Rxd7+ Kxd7 36. h8=Q 1-0

[Event "*** Titled Tuesday Blitz"]
[Site "Chess.com"]
[Date "2019.01.01"]
[Round "3"]
[White "Berardino"]
[Black "Raffael89"]
[Result "1-0"]
[WhiteElo "2411"]
[BlackElo "2197"]
[TimeControl "180+2"]
[EndTime "13:33:44 PST"]
[Termination "Berardino won by resignation"]

1. d4 Nf6 2. c4 g6 3. Nc3 Bg7 4. e4 d6 5. f3 O-O 6. Bg5 c5 7. d5 h6 8. Be3 e6 9. Qd2 Kh7 10. Nge2 exd5 11. cxd5 Nbd7 12. Ng3 Ne5 13. Be2 a6 14. a4 Re8 15. O-O Rb8 16. h3 c4 17.
f4 Nd3 18. Bxd3 cxd3 19. Qxd3 Nd7 20. Kh2 Qh4 21. Ba7 Ra8 22. Bd4 Bxd4 23. Qxd4 Nc5 24. Rae1 Bd7 25. e5 dxe5 26. Qxc5 exf4 27. Nge4 Bf5 28.
Qd4 Bxe4 29. Nxe4 Rxe4 30. Rxe4 Qg3+ 31. Kh1 g5 32. Qf6 Rg8 33. Qxf7+ Rg7 34. Qf5+ 1-0

[Event "*** Titled Tuesday Blitz"]
[Site "Chess.com"]
[Date "2019.01.01"]
[Round "3"]
[White "Viaje"]
[Black "Orest_Vovk"]
[Result "0-1"]
[WhiteElo "2343"]
[BlackElo "2365"]
[TimeControl "180+2"]
[EndTime "13:33:45 PST"]
[Termination "Orest_Vovk won by resignation"]

1. d4 h6 2. c4 g5 3. Nc3 Bg7 4. e4 c5 5. d5 Bxc3+ 6. bxc3 d6 7. Bd3 Qa5 8. Ne2 Nd7 9. h4 g4 10. O-O Ne5 11. Qc2 Nf6 12. Bf4 Nfd7 13. Ng3 b6 14. Nf5 Ba6 15. Nxh6 Nxd3 16. Qxd3 Qa4 17. Nf5 Bxc4 18. Qg3 Bxf1 19. Bxd6 Qxe4 20. Nxe7 Qxg2+ 21. Qxg2 Bxg2 22. Kxg2 f6 23. Ng6 Rh6 24. Nf4 Kf7 25. Kg3 f5 26. Ne6 Rxe6 27. dxe6+ Kxe6 28. Bf4 Nf6 29. c4 Nh5+ 0-1

[Event "*** Titled Tuesday Blitz"]
[Site "Chess.com"]
[Date "2019.01.01"]
[Round "3"]
[White "TheBigBoss04"]
[Black "rasmussvane"]
[Result "0-1"]
[WhiteElo "2518"]
[BlackElo "2679"]
[TimeControl "180+2"]
[EndTime "13:33:48 PST"]
[Termination "rasmussvane won by checkmate"]

1. b3 d5 2. Bb2 Bf5 3. Nf3 e6 4. e3 h6 5. c4 Nf6 6. h3 c6 7. Nc3 Nbd7 8. Be2 Bd6 9. d4 O-O 10. O-O Qe7 11. Bd3 Rac8 12. Bxf5 exf5 13. cxd5 cxd5 14.
Rc1 a6 15. Qd3 Qe6 16. Rc2 Ne4 17. Rfc1 Rc6 18. Ne2 Nb8 19. Ne5 Rxc2 20. Rxc2 Rc8 21. Nf4 Qe8 22. Nxd5 Rxc2 23. Qxc2 Bxe5 24. dxe5 Nc6 25.
f3 Ng5 26. Qxf5 Qd8 27. e4 Qa5 28. Qc8+ Kh7 29. Qf5+ Kh8 30. h4 Qe1+ 31. Kh2 Qxh4+ 32. Kg1 Qe1+ 33. Kh2 Qf2 34. Bc3 Nd8 35. Qc8 Nxf3+ 36. Kh3 Qh4# 0-1

[Event "*** Titled Tuesday Blitz"]
[Site "Chess.com"]
[Date "2019.01.01"]
[Round "3"]
[White "Samuray111"]
[Black "MissingLife"]
[Result "0-1"]
[WhiteElo "2617"]
[BlackElo "2563"]
[TimeControl "180+2"]
[EndTime "13:33:55 PST"]
[Termination "MissingLife won by resignation"]

1. e4 e6 2. d4 d5 3. Nd2 Nf6 4.
e5 Nfd7 5. f4 c5 6. c3 Nc6 7. Ndf3 Qa5 8. a3 b5 9. dxc5 b4 10.
cxb4 Nxb4 11. axb4 Qxa1 12. Nd4 Be7 13. Ngf3 a5 14.
c6 Bxb4+ 15. Kf2 Nc5 16. Bb5 O-O 17. Qc2 Ne4+ 18. Ke3 Ba6 19. Ba4 Nc5 20. Ng5 Bd3 21. Qf2 h6 22. Bb5 Qb1 23. h4 Bxb5 0-1

[Event "*** Titled Tuesday Blitz"]
[Site "Chess.com"]
[Date "2019.01.01"]
[Round "3"]
[White "BillForster"]
[Black "ChessChronicles123"]
[Result "0-1"]
[WhiteElo "1712"]
[BlackElo "1822"]
[TimeControl "180+2"]
[EndTime "13:34:02 PST"]
[Termination "ChessChronicles123 won by resignation"]

1. d4 d5 2. c4 c6 3. Nf3 Nf6 4. Nc3 g6 5. Bf4 Bg7 6. e3 O-O 7. Bd3 Bg4 8. h3 Bxf3 9. Qxf3 e6 10. h4 Nbd7 11. g4 Re8 12. h5 e5 13. dxe5 Nxe5 14.
Bxe5 Rxe5 15. hxg6 hxg6 16. O-O-O Qd7 17. Rdg1 Rd8 18.
cxd5 Nxd5 19. Nxd5 Rxd5 20. Bc4 Rc5 21. Rd1 Rxc4+ 0-1

[Event "*** Titled Tuesday Blitz"]
[Site "Chess.com"]
[Date "2019.01.01"]
[Round "3"]
[White "Manukyan_Artak"]
[Black "jmduque"]
[Result "1-0"]
[WhiteElo "2381"]
[BlackElo "2209"]
[TimeControl "180+2"]
[EndTime "13:34:08 PST"]
[Termination "Manukyan_Artak won by resignation"]

1. e4 e5 2. Nf3 Nc6 3. d4 exd4 4. Nxd4 Nf6 5. Nxc6 bxc6 6. e5 Qe7 7. Qe2 Nd5 8.
c4 Nb6 9. g3 Ba6 10. b3 Qe6 11. h4 Bb4+ 12. Bd2 Qe7 13. a3 Bxd2+ 14. Nxd2 O-O-O 15. Bg2 Rhe8 16. f4 f6 17. Nf3 Kb7 18. O-O d6 19. Rfe1 dxe5 20. fxe5 Qc5+ 21. Qf2 Nd7 22. exf6 gxf6 23. Rad1 Rxe1+ 24. Nxe1 Qxa3 25. Nc2 Qe7 26. Qd4 Qc5 27. Qxc5 Nxc5 28. Rxd8 Nxb3 29. Nd4 Bxc4 30. Bxc6+ Kb6 31. Nxb3 Bxb3 32. Rb8+ Kxc6 33. Rxb3 a5 34. Kf2 a4 35. Rf3 Kb5 36. Rxf6 c5 37. Ke3 a3 38.
Kd2 a2 39. Rf1 Kb4 40. Kc2 Ka3 41. g4 c4 42. g5 1-0

[Event "*** Titled Tuesday Blitz"]
[Site "Chess.com"]
[Date "2019.01.01"]
[Round "3"]
[White "WorldChampionBulletChess"]
[Black "viktorko131"]
[Result "0-1"]
[WhiteElo "2121"]
[BlackElo "2076"]
[TimeControl "180+2"]
[EndTime "13:34:13 PST"]
[Termination "viktorko131 won by checkmate"]

1. d4 Nf6 2. c4 e6 3. Nf3 Bb4+ 4. Bd2 c5 5. dxc5 Bxc5 6. Nc3 Nc6 7. e3 O-O 8. Be2 d5 9. O-O dxc4 10. Bxc4 a6 11. a3 b5 12. Ba2 Bb7 13. Qe2 Qe7 14. Rfd1 Bb6 15. Rac1 Rac8 16. h3 Na5 17. e4 Nc4 18.
Be1 Nh5 19. g3 Nxg3 20. Qc2 Qf6 21. Nd2 Qg6 22. Nxc4 bxc4 23. e5 Nf5+ 24. Kh2 Qg2# 0-1

[Event "*** Titled Tuesday Blitz"]
[Site "Chess.com"]
[Date "2019.01.01"]
[Round "3"]
[White "Zhuu96"]
[Black "cherryandmint"]
[Result "1-0"]
[WhiteElo "2876"]
[BlackElo "2614"]
[TimeControl "180+2"]
[EndTime "13:34:14 PST"]
[Termination "Zhuu96 won by resignation"]

1. c4 e6 2. Nf3 d5 3. d4 Nf6 4. Nc3 Be7 5. g3 O-O 6. Bg2 b6 7. cxd5 Nxd5 8. O-O Bb7 9. Re1 c5 10. e4 Nf6 11. d5 exd5 12. exd5 Na6 13. Ne5 Nb4 14.
d6 Bxg2 15. dxe7 Qxe7 16. Kxg2 Rad8 17. Qe2 Rfe8 18. Nf3 Qb7 19. Be3 Nd3 20. Red1 c4 21. b3 b5 22. bxc4 bxc4 23. Rab1 Qc6 24. Kg1 Ng4 25. Ne1 Ndxf2 26. Bxf2 Rxe2 27. Rxd8+ Re8 28. Rxe8+ Qxe8 29. Bxa7 1-0

[Event "*** Titled Tuesday Blitz"]
[Site "Chess.com"]
[Date "2019.01.01"]
[Round "3"]
[White "Litti"]
[Black "Matibar"]
[Result "0-1"]
[WhiteElo "2503"]
[BlackElo "2798"]
[TimeControl "180+2"]
[EndTime "13:34:14 PST"]
[Termination "Matibar won by resignation"]

1. e4 g6 2. d4 d6 3. Nf3 Nf6 4.
Nc3 c6 5. Be3 Bg7 6. Qd2 Bg4 7.
Bd3 b5 8. e5 b4 9. Ne4 Nxe4 10.
Bxe4 d5 11. Bd3 Qb6 12. O-O Bxf3 13. gxf3 e6 14. a3 b3 15. c4 O-O 16. c5 Qb7 17.
Bh6 Qe7 18. Bxg7 Kxg7 19. Kh1 Qh4 20. f4 Nd7 21. Rg1 f6 22. f5 fxe5 23. fxg6 Rxf2 24. gxh7+ Kh8 25. Rg8+ Rxg8 26. hxg8=Q+ Kxg8 27. Rg1+ Kh8 0-1

[Event "*** Titled Tuesday Blitz"]
[Site "Chess.com"]
[Date "2019.01.01"]
[Round "3"]
[White "yobdc"]
[Black "Makalexa"]
[Result "1-0"]
[WhiteElo "2138"]
[BlackElo "2129"]
[TimeControl "180+2"]
[EndTime "13:34:23 PST"]
[Termination "yobdc won by resignation"]

1. e4 e5 2. Nf3 Nc6 3. d4 exd4 4. Nxd4 Bc5 5. Nb3 Bb4+ 6. Bd2 Qe7 7. Bxb4 Qxb4+ 8.
Nc3 Nf6 9. Bd3 d5 10. O-O dxe4 11. Nxe4 Nxe4 12. Bxe4 O-O 13. Bxc6 bxc6 14. c3 Qh4 15. Qd4 Qg5 16. Qc5 Qg6 17. Nd4 Bh3 18. Qxc6 Qxc6 19. Nxc6 Be6 20. Rfd1 a5 21. b3 Ra6 22. Nd4 Bd7 23. c4 Re8 24. Rd2 c5 25. Nb5 Rae6 26. h3 R6e7 27. Rad1 Bxb5 28. cxb5 a4 29. bxa4 Ra7 30.
Rc1 Rxa4 31. Rxc5 g6 32. Rb2 Rea8 33. b6 Rxa2 34. Rxa2 Rxa2 35. b7 Rb2 36. Rc8+ Kg7 37. b8=Q 1-0

[Event "*** Titled Tuesday Blitz"]
[Site "Chess.com"]
[Date "2019.01.01"]
[Round "3"]
[White "Pakarma"]
[Black "andante"]
[Result "1-0"]
[WhiteElo "2460"]
[BlackElo "2247"]
[TimeControl "180+2"]
[EndTime "13:34:33 PST"]
[Termination "Pakarma won by checkmate"]

1. e4 g6 2. d4 Bg7 3. Nc3 d6 4.
Be3 Nf6 5. f3 Nc6 6. Qd2 e5 7.
Nge2 O-O 8. O-O-O a5 9. h4 h5 10. Bh6 Nxd4 11. Nxd4 exd4 12. Bxg7 dxc3 13. Qh6 cxb2+ 14.
Kb1 Nh7 15. g4 hxg4 16. f4 f5 17. Bc4+ Rf7 18. h5 g5 19. Qg6 Qe8 20. h6 b5 21.
Bf6+ Kf8 22. Qg7+ Rxg7 23. hxg7# 1-0

[Event "*** Titled Tuesday Blitz"]
[Site "Chess.com"]
[Date "2019.01.01"]
[Round "3"]
[White "TigranLPetrosyan"]
[Black "CaptainCasanova"]
[Result "1-0"]
[WhiteElo "2822"]
[BlackElo "2742"]
[TimeControl "180+2"]
[EndTime "13:34:39 PST"]
[Termination "TigranLPetrosyan won by resignation"]

1. Nf3 d5 2. g3 Nf6 3. Bg2 g6 4. c4 Bg7 5. cxd5 Nxd5 6. Nc3 Nb6 7. d4 O-O 8. O-O N8d7 9. e4 e5 10. Bg5 f6 11. Be3 c6 12. Qb3+ Kh8 13. Rfd1 Qe7 14.
d5 cxd5 15. exd5 f5 16. d6 Qf6 17. Bg5 Qf7 18. Be7 Qxb3 19. axb3 Rg8 20. Ng5 Bf6 21.
Bxf6+ Nxf6 22. Nf7+ Kg7 23. Nxe5 Be6 24. Bxb7 Rab8 25.
Rxa7 Kh8 26. Bc6 Bxb3 27. Rd4 Rg7 28. Rxg7 Kxg7 29. Rb4 Bg8 30. Na4 Nbd7 31. Rxb8 Nxb8 32. Bb5 Kf8 33. Nc5 Bd5 34. b4 Ne4 35. Nxe4 Bxe4 36. f3 Bd5 37. Kf2 1-0

[Event "*** Titled Tuesday Blitz"]
[Site "Chess.com"]
[Date "2019.01.01"]
[Round "3"]
[White "Mikhail_Golubev"]
[Black "Jospem"]
[Result "0-1"]
[WhiteElo "2499"]
[BlackElo "2787"]
[TimeControl "180+2"]
[EndTime "13:34:40 PST"]
[Termination "Jospem won by resignation"]

1. e4 c5 2. Nf3 d6 3. d4 cxd4 4. Nxd4 Nf6 5. Nc3 a6 6. Bc4 e6 7. O-O b5 8. Bb3 Be7 9. Qf3 Qb6 10. Be3 Qb7 11. Qg3 O-O 12. Bh6 Ne8 13. Rad1 Bd7 14.
f4 Nc6 15. f5 Nxd4 16. Rxd4 Bf6 17. Rd2 Kh8 18. fxe6 fxe6 19. Be3 a5 20. Qh3 b4 21.
Na4 Bxa4 22. Bxa4 Qxe4 23. Bd7 Nc7 24. Rxd6 Rad8 25. Bxe6 Rxd6 26. Bf5 Qh4 27. Qxh4 Bxh4 28. Bc5 Be7 29. Bxd6 Bxd6 30. Rd1 Bc5+ 0-1

[Event "*** Titled Tuesday Blitz"]
[Site "Chess.com"]
[Date "2019.01.01"]
[Round "3"]
[White "DryCounty"]
[Black "Parhamov"]
[Result "1-0"]
[WhiteElo "2729"]
[BlackElo "2899"]
[TimeControl "180+2"]
[EndTime "13:34:46 PST"]
[Termination "DryCounty won by resignation"]

1. Nf3 Nf6 2. c4 e6 3. g3 a6 4. Bg2 b5 5. b3 Bb7 6. Nc3 b4 7. Na4 d5 8. O-O Nbd7 9. d4 Be7 10. c5 O-O 11. Bf4 Ne4 12. Nd2 g5 13. Be3 f5 14. f3 Nc3 15. Nxc3 bxc3 16. Nb1 e5 17. Nxc3 Nxc5 18. dxe5 f4 19. Bf2 Ne6 20. Bh3 Ng7 21. Rc1 h5 22. gxf4 Rxf4 23. Na4 d4 24. Nc5 Bxc5 25.
Rxc5 g4 26. Bg3 Rf8 27. fxg4 Qg5 28. Qc1 Qg6 29. Rxc7 Bd5 30. Rd7 Rxf1+ 31. Bxf1 Be6 32. Rd6 Rc8 33. Qxc8+ 1-0

[Event "*** Titled Tuesday Blitz"]
[Site "Chess.com"]
[Date "2019.01.01"]
[Round "3"]
[White "Hrant_ChessMood"]
[Black "ramses135"]
[Result "1-0"]
[WhiteElo "2955"]
[BlackElo "2472"]
[TimeControl "180+2"]
[EndTime "13:34:47 PST"]
[Termination "Hrant_ChessMood won by resignation"]

1. e4 e5 2. Nf3 Nc6 3. Bb5 Nge7 4. O-O g6 5. c3 a6 6. Ba4 Bg7 7. d4 exd4 8. cxd4 b5 9. Bb3 O-O 10. Nc3 d6 11. Bg5 h6 12. Be3 Bg4 13. Qd2 Kh7 14. Bd1 f5 15. d5 Na5 16. Qc2 Bxf3 17. Bxf3 f4 18. Bd2 Nc4 19. a4 b4 20. Ne2 Nxd2 21. Qxd2 g5 22. Rac1 Ng6 23. Bg4 Ne5 24. Bf5+ Kh8 25. Nd4 Qe7 26. Ne6 Rfc8 27. b3 a5 28. Rc2 f3 29. g3 g4 30. Rfc1 Ra7 31. Nxg7 Kxg7 32. Bxc8 1-0